Map: Dusk Towers

Players

dowoz

  • Race: Protoss Protoss
  • League: Gold

Hellhammer - Winner!

  • Race: Terran Terran
  • League: Silver

VOD

Have the link to the VOD?

Description

Time

  • Played on: Dec. 29, 2015, 1:22 a.m.
  • Length: 21:38
Show
View Real Time Build Order
Export as new Build Order

dowoz Protoss 

Build Orders: Oracle Opening 

Get SALT Encoding   

  12  0:02  Probe (Chrono Boost)  
  13  0:15  Pylon  
  13  0:20  Probe (Chrono Boost)  
  14  0:30  Probe (Chrono Boost)  
  15  0:37  Gateway  
  15  0:41  Probe (Chrono Boost)  
  16  0:48  Assimilator  
  16  0:51  Probe (Chrono Boost)  
  17  1:02  Probe (Chrono Boost)  
  18  1:11  Assimilator  
  18  1:13  Probe (Chrono Boost)  
  19  1:23  Probe (Chrono Boost)  
  19  1:24  Pylon  
  20  1:34  Probe (Chrono Boost)  
  20  1:37  Pylon  
  20  1:39  Cybernetics Core  
  21  1:44  Probe (Chrono Boost)  
  22  1:55  Probe (Chrono Boost)  
  23  2:17  Stalker (Chrono Boost)  
  23  2:18  Warp Gate (Chrono Boost)  
  23  2:19  Pylon  
  25  2:40  Mothership Core  
  27  2:54  Nexus  
  27  3:04  Stargate  
  27  3:08  Stalker (Chrono Boost), Assimilator  
  29  3:18  Pylon  
  29  3:40  Twilight Council  
  29  3:46  Probe  
  30  3:48  Oracle  
  33  3:58  Probe  
  33  3:59  Gateway  
  34  4:10  Probe  
  34  4:12  Stalker  
  37  4:17  Pylon  
  37  4:22  Probe  
  38  4:25  Dark Shrine  
  38  4:36  Probe  
  38  4:38  Probe  
  40  4:46  Probe  
  40  4:48  Probe  
  39  5:06  Assimilator  
  39  5:07  Probe  
  39  5:08  Probe  
  41  5:17  Probe  
  41  5:19  Probe  
  43  5:23  Gateway  
  43  5:25  Gateway  
  43  5:28  Pylon  
  43  5:30  Pylon  
  43  5:38  Dark Templar x2  
  47  5:43  Probe  
  45  5:53  Probe  
  40  5:59  Probe  
  40  6:04  Probe, Blink  
  40  6:09  Probe  
  42  6:16  Dark Templar x2  
  46  6:20  Probe  
  47  6:39  Dark Templar x2  
  41  7:45  Stalker x4  
  51  7:53  Void Ray (Chrono Boost)  
  51  7:56  Probe  
  52  7:58  Probe, Stargate  
  53  8:06  Probe  
  53  8:07  Pylon  
  53  8:09  Sentry, Probe, Pylon  
  57  8:12  Adept  
  57  8:13  Adept x2  
  57  8:17  Probe  
  57  8:19  Probe  
  65  8:28  Probe  
  65  8:30  Probe  
  71  8:35  Stalker x3  
  71  8:36  Void Ray (Chrono Boost)  
  71  8:38  Probe  
  71  8:40  Probe  
  78  8:44  Templar Archives  
  57  9:05  Stalker x2  
  65  9:17  Void Ray (Chrono Boost)  
  65  9:20  Psionic Storm  
  65  9:29  Void Ray (Chrono Boost)  
  69  9:33  Pylon x2  
  69  9:42  Sentry  
  69  9:43  Nexus  
  71  9:51  Assimilator  
  71  9:55  High Templar x3  
  77  10:09  Void Ray  
  81  10:15  Pylon  
  81  10:17  Pylon  
  81  10:19  Pylon  
  81  10:24  High Templar  
  83  10:30  Stalker x2  
  83  10:33  Void Ray  
  83  10:52  Void Ray  
  86  11:01  High Templar  
  86  11:02  Stalker x3  
  94  11:06  Probe  
  95  11:17  Probe  
  95  11:23  Probe  
  97  11:27  Probe  
  98  11:35  Probe  
  99  11:47  Probe  
  54  12:22  High Templar x2  
  48  12:23  High Templar  
  48  12:26  High Templar  
  48  12:29  Void Ray x2  
  62  12:33  Probe  
  63  12:38  Probe, Assimilator  
  64  12:44  Probe  
  64  12:49  Probe  
  64  12:51  Robotics Facility  
  66  12:52  Robotics Facility  
  66  12:55  Probe  
  66  12:57  Pylon  
  67  12:59  Probe  
  67  13:01  Stalker x4  
  67  13:05  Probe  
  76  13:10  Probe  
  78  13:16  Probe  
  79  13:22  Pylon  
  79  13:25  Pylon  
  79  13:26  Probe  
  79  13:28  Stalker  
  79  13:29  Stalker x3  
  85  13:37  Probe  
  86  13:44  Void Ray x2  
  94  13:55  Probe  
  95  14:05  Dark Templar x2  
  95  14:06  Probe  
  100  14:16  Sentry x2  
  76  14:56  Void Ray x2  
  76  14:58  Zealot x3  
  76  14:59  Zealot  
  66  15:39  Void Ray (Chrono Boost)  
  70  15:47  Nexus, Void Ray (Chrono Boost)  
  74  15:51  Protoss Air Weapons Level 1  
  74  15:57  Assimilator  
  74  16:03  Assimilator  
  74  16:06  Pylon  
  74  16:07  Dark Templar  
  74  16:09  Pylon  
  74  16:10  Zealot x3  
  82  16:11  Pylon  
  82  16:20  Forge  
  82  16:21  Forge  
  82  16:22  Void Ray (Chrono Boost)  
  86  16:30  Void Ray (Chrono Boost)  
  90  16:39  High Templar  
  92  16:41  High Templar  
  94  16:53  Protoss Shields Level 1 (Chrono Boost)  
  94  17:00  Void Ray (Chrono Boost)  
  82  17:22  Stalker x3  
  84  17:23  Stalker  
  78  17:34  Probe  
  79  17:40  Void Ray x2 (Chrono Boost)  
  87  17:44  Probe  
  88  17:55  Probe  
  89  18:13  Void Ray x2  
  89  18:16  Stalker  
  89  18:17  Zealot x2  
  89  18:18  Zealot  
  105  18:50  Void Ray  
  105  18:54  Nexus  
  105  18:55  Stalker x2  
  105  18:56  Stalker x2  
  89  19:37  Assimilator  
  89  19:41  Assimilator  
  89  19:52  Sentry  
  91  19:54  Sentry  
  91  19:55  Stalker x2  
  97  20:02  Mothership Core  
  97  20:04  Robotics Bay  
  54  20:27  Pylon  
  48  20:30  Pylon  
  48  20:31  Stalker x3, Pylon  
  48  20:32  Stalker  
  48  20:33  Pylon  
  15  21:01  Dark Templar x4  
Show
View Real Time Build Order
Export as new Build Order

Hellhammer Terran - Winner!

Build Orders: Command Center First (CC), MMM Bio 

Get SALT Encoding   

  12  0:01  SCV  
  13  0:13  SCV  
  14  0:19  Supply Depot  
  14  0:25  SCV  
  15  0:41  SCV  
  16  0:53  SCV  
  17  1:03  Command Center  
  17  1:06  SCV  
  18  1:11  Refinery  
  18  1:18  SCV  
  19  1:28  Barracks  
  19  1:33  SCV  
  20  1:46  SCV  
  21  1:58  SCV  
  22  2:10  SCV  
  23  2:16  Marine  
  23  2:17  Orbital Command  
  23  2:18  Factory  
  23  2:22  Orbital Command  
  24  2:33  Marine  
  25  2:44  Barracks  
  25  2:47  Refinery  
  25  2:50  Barracks  
  25  2:55  Barracks Reactor  
  25  2:56  SCV  
  25  2:59  SCV  
  25  3:03  Widow Mine  
  28  3:19  SCV x2  
  30  3:20  Bunker  
  30  3:21  Starport  
  30  3:32  Widow Mine  
  32  3:38  Marine x2  
  32  3:39  Barracks Tech Lab x2  
  32  3:41  SCV x2  
  36  3:47  Supply Depot  
  36  3:54  SCV x2  
  38  4:05  Factory Tech Lab  
  38  4:08  Stimpack  
  38  4:09  Marauder, Marine x2, Liberator  
  45  4:35  Supply Depot  
  45  4:36  Refinery  
  45  4:37  Supply Depot  
  45  4:38  Refinery  
  45  4:44  Combat Shields  
  45  4:50  Command Center  
  45  4:51  Supply Depot  
  44  4:55  SCV x2  
  46  5:02  Marine x2  
  46  5:03  Marauder  
  50  5:07  SCV  
  50  5:09  Starport Reactor  
  51  5:15  SCV  
  51  5:17  Barracks  
  51  5:19  SCV  
  51  5:21  Marine x2  
  54  5:23  Marauder  
  57  5:32  SCV, Marauder  
  57  5:33  SCV  
  61  5:37  Siege Tank  
  64  5:43  Supply Depot  
  64  5:44  Marine x2  
  64  5:46  SCV  
  67  5:52  Medivac  
  69  6:02  Marine, Medivac  
  69  6:03  Marauder  
  74  6:06  Orbital Command  
  74  6:09  Concussive Shells  
  74  6:25  Engineering Bay  
  63  6:51  Engineering Bay, Marine x2  
  63  6:52  Engineering Bay  
  63  6:53  Barracks Tech Lab  
  61  7:11  SCV x3  
  61  7:12  Marine x2  
  61  7:13  Marauder  
  61  7:14  Marauder x2  
  63  7:44  SCV x2  
  63  7:45  SCV  
  63  7:55  Marine  
  63  7:56  Marine  
  63  7:57  Marauder x2  
  69  8:04  SCV x2  
  71  8:14  SCV  
  72  8:22  Missile Turret  
  72  8:25  Marine x2  
  72  8:26  Marauder  
  65  8:58  Marine  
  65  8:59  Marine  
  55  9:08  Marauder x3  
  59  9:10  Medivac x2  
  60  9:17  Marine  
  60  9:18  Marine  
  60  9:29  Marine x3  
  63  9:34  Terran Infantry Weapons Level 1  
  63  9:35  Terran Infantry Armor Level 1, Liberator x2  
  63  9:37  SCV x3  
  66  9:43  Barracks x2  
  66  9:46  Marine  
  73  9:55  SCV x2  
  73  9:56  SCV  
  76  10:04  Marine  
  76  10:05  Marine x4  
  81  10:13  Supply Depot  
  81  10:15  SCV x3  
  81  10:20  Widow Mine  
  86  10:24  Marine x2  
  86  10:25  Marauder  
  86  10:26  Marauder  
  92  10:31  Armory  
  92  10:32  SCV  
  92  10:34  Barracks Reactor x2  
  93  10:38  Medivac  
  95  10:52  Marine x2  
  87  10:59  Ghost Academy  
  87  11:06  Refinery  
  87  11:07  Refinery  
  87  11:08  Liberator  
  87  11:09  Marine x3, Liberator  
  87  11:10  Marine x2  
  87  11:11  Command Center, Marine  
  93  11:24  Marine x2  
  98  11:32  Personal Cloaking  
  101  11:38  Supply Depot  
  101  11:41  Supply Depot  
  101  11:54  Supply Depot  
  101  11:55  Marine  
  101  11:56  Marine  
  101  11:57  Marine x3  
  101  11:58  Marine  
  73  12:09  Marine  
  71  12:17  Marine x2  
  71  12:18  Marine x4  
  77  12:22  SCV  
  77  12:23  SCV x2  
  77  12:26  Terran Infantry Weapons Level 2  
  77  12:28  Terran Infantry Armor Level 2  
  79  12:30  Terran Ship Weapons Level 1  
  79  12:31  Marauder  
  79  12:35  Ghost  
  83  12:44  SCV x3  
  83  12:46  Orbital Command  
  83  12:49  Marine x3  
  89  13:01  Marine x3  
  89  13:02  Marauder  
  89  13:03  Marauder  
  89  13:04  SCV x3  
  99  13:14  Marine  
  99  13:15  Marine x2  
  99  13:16  Marauder  
  104  13:28  Marine x3  
  106  13:37  Liberator x2  
  106  13:41  Marine x3  
  98  13:42  Ghost x3  
  106  13:52  Marine x2  
  106  13:53  Marine  
  115  13:56  SCV x4  
  115  14:02  Nuke  
  119  14:07  Marine x3  
  122  14:17  Barracks x2  
  82  14:33  Marine x2  
  82  14:34  Marine x7  
  82  14:36  SCV x4  
  86  14:48  SCV, Medivac  
  86  14:49  Medivac  
  86  14:51  Terran Infantry Weapons Level 3, Marine x3  
  86  14:52  Marine  
  95  14:53  Terran Infantry Armor Level 3  
  95  14:57  Marine  
  95  14:58  Marauder  
  98  15:01  SCV x3  
  101  15:10  Barracks Reactor  
  101  15:11  Barracks Reactor  
  100  15:21  Liberator x2  
  71  15:32  Marine x6  
  71  15:34  Marauder x3  
  83  15:37  Siege Tank  
  92  15:47  Fusion Core  
  92  15:56  SCV x3  
  95  15:58  Starport  
  95  15:59  Starport  
  95  16:02  Refinery  
  95  16:03  Refinery, Starport  
  95  16:10  Marine x3  
  95  16:11  Marine x3  
  101  16:39  Weapon Refit  
  101  16:42  Starport Tech Lab  
  101  16:43  Starport Tech Lab  
  101  16:44  Marine x3  
  101  16:45  Marine x5  
  101  16:46  Starport Tech Lab  
  109  16:53  SCV x4  
  113  16:56  Command Center  
  113  17:06  Marine x2  
  113  17:07  Marine x4  
  103  17:23  Marine x3  
  95  17:33  Battlecruiser  
  96  17:40  Marine x3  
  96  17:41  Marine x6  
  96  17:42  Marine  
  106  17:47  SCV x3  
  109  17:56  Marauder  
  111  18:00  Marauder x2  
  111  18:03  Marine x3  
  118  18:06  SCV x3  
  121  18:13  SCV  
  121  18:14  Orbital Command  
  121  18:17  Marine x4  
  126  18:26  Medivac  
  126  18:27  Medivac  
  130  18:30  Battlecruiser  
  136  18:37  Marine x3  
  136  18:38  Marine x5  
  144  19:06  Battlecruiser x2  
  144  19:07  Marine x5  
  144  19:08  Marine x4  
  155  19:14  Supply Depot  
  155  19:15  Supply Depot  
  155  19:23  Marine x2  
  155  19:24  Refinery  
  155  19:26  Refinery  
  146  19:34  Marine x8  
  146  19:35  Marine x3  
  163  19:52  Battlecruiser  
  163  19:55  Behemoth Reactor  
  163  19:57  Marine x2  
  163  19:58  Marine x6  
  171  20:10  Marine  
  171  20:12  Marine  
  167  20:16  Battlecruiser  
  167  20:18  Marine  
  171  20:28  SCV x2  
  171  20:29  SCV  
  171  20:30  Marine  
  171  20:33  SCV  
  171  20:36  Marine x3  
  171  20:37  Marine x2  
  171  20:38  Marine  
  171  20:39  Marine  
  171  20:40  Marine  
  171  20:41  Marine  
  171  20:44  Marine  
  171  20:56  Supply Depot  
  171  20:57  Supply Depot  
  171  20:58  Supply Depot  
  171  21:01  Supply Depot  
  171  21:03  SCV  
  171  21:05  Marine  
  171  21:09  Marine x2  
  171  21:10  SCV, Marine  
  171  21:11  SCV x2  
  171  21:12  Marine x2  
  171  21:13  Marine  
  171  21:14  Marine  
  171  21:15  Marine  
  171  21:16  SCV  
  171  21:22  SCV  
Tags
 
Add a new tag
Caveats
  • Supply blocks, unpowered buildings, or Contaminate may cause inaccurate times.
  • Supply counts are checked every 10 seconds.